 Dungeon Crawl Stone Soup version 0.21-a0-414-gba8bdf1 (webtiles) character file.

305 slep the Shield-Bearer (level 6, -5/53 HPs)
             Began as a Hill Orc Fighter on Nov 3, 2017.
             Slain by a gnoll
             ... wielding a +3 spear
              (8 damage)
             ... on level 3 of the Dungeon.
             The game lasted 00:11:48 (1394 turns).

slep the Shield-Bearer (Hill Orc Fighter)           Turns: 1394, Time: 00:11:48

Health: -5/53      AC:  7    Str: 19    XL:     6   Next: 39%
Magic:  6/6        EV:  7    Int:  6    God:
Gold:   167        SH:  9    Dex: 12    Spells: 5/5 levels left

rFire    . . .     SeeInvis .   a - +0 long sword
rCold    . . .     Gourm    .   c - +0 shield
rNeg     . . .     Faith    .   b - +0 scale mail
rPois    .         Spirit   .   (no helmet)
rElec    .         Reflect  .   (no cloak)
rCorr    .         Harm     .   (no gloves)
MR       .....                  (no boots)
Stlth    ..........             (no amulet)
HPRegen  0.17/turn              e - -2 ring of intelligence (curse)
MPRegen  0.10/turn              o - ring of loudness (curse)

@: no status effects
A: no striking features
a: no special abilities


You were on level 3 of the Dungeon.
You were not hungry.

You visited 1 branch of the dungeon, and saw 3 of its levels.

You collected 167 gold pieces.

Inventory:

Hand Weapons
 a - a +0 long sword (weapon)
 x - a +2 hunting sling of flaming
Armour
 b - a +0 scale mail (worn)
 c - a +0 shield (worn)
Jewellery
 d - an uncursed ring of poison resistance {unknown}
 e - a cursed -2 ring of intelligence (left hand)
 h - an uncursed ring of ice
 o - a cursed ring of loudness (right hand)
 u - an uncursed ring of fire {unknown}
 v - an uncursed ring of protection from magic {unknown}
Scrolls
 i - 2 scrolls of remove curse {unknown}
 m - a scroll of amnesia {unknown}
 n - 2 scrolls of identify {unknown}
 p - a scroll of magic mapping {unknown}
 q - a scroll of fear {unknown}
 r - a scroll of blinking {unknown}
Potions
 k - a potion of berserk rage {unknown}
 l - a potion of degeneration {unknown}
 w - a potion of brilliance {unknown}
Comestibles
 f - a bread ration
 g - 3 royal jellies
 j - 5 chunks of flesh
 s - a meat ration
 t - 3 fruits


   Skills:
 + Level 4.5 Fighting
 + Level 4.6 Long Blades
 + Level 4.3 Armour
 + Level 0.7 Dodging
 + Level 4.9 Shields


You had 5 spell levels left.
You didn't know any spells.

Dungeon Overview and Level Annotations

Branches:
Dungeon (3/15)

Altars:


Message History

* * * LOW HITPOINT WARNING * * *
You block the gnoll shaman's attack. You block the gnoll's attack.
The gnoll hits you from afar with an enchanted spear.
* * * LOW HITPOINT WARNING * * *
You hit the gnoll shaman but do no damage.
The gnoll shaman is almost dead.
The gnoll hits you but does no damage. x2
The gnoll shaman calls upon its god to heal the gnoll.
The gnoll's wounds heal themselves!
The gnoll closely misses you. You block the gnoll's attack.
The gnoll shaman hits you with a club.
* * * LOW HITPOINT WARNING * * *
You slash the gnoll shaman!
You kill the gnoll shaman!
The gnoll hits you from afar with an enchanted spear.
* * * LOW HITPOINT WARNING * * *
You block the gnoll's attack. The gnoll completely misses you.
The gnoll hits you with a flail.
* * * LOW HITPOINT WARNING * * *
The gnoll hits you from afar with an enchanted spear!
You die...

#......############...........
#................##...........
#.....#....#### ....###.......
#.....#....## ##..............
#.#..##.....###..#####........
#....##........)..####........
###...#....###.g.....##.......
##.........g.....#..#.......
##.#####..@........#..####.
#.#............#.....####.
...............##.........
.#####........####.......
#.........##..###...
#..........#.##....#
.........#... #รท##.)
..#########..###<#..#
###......#..#


You could see 2 gnolls.

Vanquished Creatures
  Sigmund (D:2)
  A gnoll shaman (D:3)
  2 gnolls (D:3)
  5 adders
  2 oozes
  A worm (D:3)
  A leopard gecko (D:1)
  9 bats
  3 giant cockroaches
  3 hobgoblins (D:1)
  2 jackals (D:1)
  3 kobolds
  2 quokkas
  A ball python (D:2)
  4 frilled lizards (D:1)
  2 goblins (D:1)
  6 rats
48 creatures vanquished.

Notes
Turn   | Place    | Note
-------+----------+-------------------------------------------
     0 | D:1      | slep the Hill Orc Fighter began the quest for the Orb.
     0 | D:1      | Reached XP level 1. HP: 19/19 MP: 1/1
   161 | D:1      | Reached XP level 2. HP: 21/27 MP: 2/2
   329 | D:1      | Reached XP level 3. HP: 30/33 MP: 3/3
   755 | D:2      | Reached XP level 4. HP: 37/40 MP: 4/4
   858 | D:2      | Noticed Sigmund
   864 | D:2      | Killed Sigmund
   864 | D:2      | Reached XP level 5. HP: 41/47 MP: 5/5
   984 | D:2      | Reached XP level 6. HP: 53/53 MP: 6/6
  1394 | D:3      | Slain by a gnoll

Vault maps used:
D:1:      saegor_arrival_under_anarchy
D:2:      minmay_misc_feat_x, uniq_sigmund
D:3:      first_bread

Skill      XL: |  1  2  3  4 |
---------------+-------------+-----
Shields        | 4 |  4.9
Fighting       | 4 |  4.5
Long Blades    | 4 |  4.6
Armour         | 4 |  4.3
Dodging        | |  0.7

Action                   |  1- 3 |  4- 6 || total
-------------------------+-------+-------++-------
Melee: Long sword        |   111 |    71 ||   182
  Use: Potion            |       |     1 ||     1
  Eat: Chunk             |       |     2 ||     2
Armor: Scale mail        |    44 |    21 ||    65
Dodge: Dodged            |    40 |    28 ||    68
Block: Shield            |    61 |    45 ||   106
       Rpst.: Long sword |     7 |    12 ||    19

Table legend:
 A = Spawn XP
 B = Non-spawn XP
 C = Spawn XP percentage of total XP
 D = Spawn monster count
 E = Non-spawn monster count
 F = Spawn count percentage of total count
 G = Total turns spent on level
                    A         B        C        D         E        F      G
               +---------+---------+-------+---------+---------+-------+---------
         Total |       0 |     437 |   0.0 |       0 |      48 |   0.0 |  1394
               +---------+---------+-------+---------+---------+-------+---------
           D:1 |       0 |      40 |   0.0 |       0 |      21 |   0.0 |   493
           D:2 |       0 |     282 |   0.0 |       0 |      14 |   0.0 |   676
           D:3 |       0 |     115 |   0.0 |       0 |      13 |   0.0 |   225
               +---------+---------+-------+---------+---------+-------+---------
